 Dungeon Crawl Stone Soup version 0.18.1-2-ga659475 (webtiles) character file.

851 inmateoo the Ducker (level 7, -4/52 HPs)
             Began as a Vampire Venom Mage on May 8, 2016.
             Was a Priest of Cheibriados.
             Slain by Edmund
             ... wielding a +2 flail of protection
              (6 damage)
             ... on level 5 of the Dungeon.
             The game lasted 00:13:15 (4691 turns).

inmateoo the Ducker (Vampire Venom Mage)            Turns: 4691, Time: 00:13:16

Health: -4/52      AC:  8    Str: 15    XL:     7   Next: 69%
Magic:  6/10       EV: 14    Int: 25    God:    Cheibriados [***...]
Gold:   178        SH:  0    Dex: 22    Spells: 3 memorised, 4 levels left

rFire  . . .     SeeInvis +     c - +0 morningstar
rCold  . . .     Gourm    .     m - +0 scale mail
rNeg   . . .     Faith    .     (no shield)
rPois  .         Spirit   .     (no helmet)
rElec  .         Dismiss  .     j - +1 cloak
rCorr  .         Reflect  .     (no gloves)
SustAt +         Harm     .     (no boots)
MR     .....                    (no amulet)
Stlth  ++........               o - ring of sustain attributes
                                l - ring of flight

@: regenerating quickly, very slow, not resistant to hostile enchantments,
unstealthy
A: fangs 3, talons 1, see invisible, mutation resistance 1, unbreathing, sturdy
frame 1
a: Bend Time, Temporal Distortion, Renounce Religion, Evoke Flight


You were on level 5 of the Dungeon.
You worshipped Cheibriados.
Cheibriados was most pleased with you.
You were very full.

You visited 1 branch of the dungeon, and saw 5 of its levels.

You collected 178 gold pieces.

Inventory:

Hand Weapons
 a - a +1 flail
 c - a +0 morningstar (weapon)
 d - a +0 dagger
 e - a cursed -2 short sword
 p - a cursed -2 war axe
Armour
 j - a +1 cloak (worn)
 m - a +0 scale mail (worn)
Jewellery
 h - an uncursed ring of magical power {unknown}
 l - a ring of flight (left hand)
 o - a ring of sustain attributes (right hand)
Potions
 g - a potion of resistance
 k - a potion of flight
Books
 b - a Young Poisoner's Handbook

   Spells                             Type                      Level
   a - Sting                          Conjuration/Poison           1
   b - Cure Poison                    Poison                       2
   c - Mephitic Cloud                 Conjuration/Poison/Air       3
   d - Olgreb's Toxic Radiance        Poison                       4
   e - Venom Bolt                     Conjuration/Poison           5
 n - a Grand Grimoire

   Spells                             Type                      Level
   a - Monstrous Menagerie            Summoning                    7
   b - Summon Greater Demon           Summoning                    7
   c - Malign Gateway                 Summoning/Translocation      7
   d - Summon Horrible Things         Summoning                    8
 q - a book of Fire

   Spells                             Type                      Level
   a - Ignite Poison                  Fire/Transmutation/Poison    3
   b - Fireball                       Conjuration/Fire             5
   c - Bolt of Fire                   Conjuration/Fire             6
   d - Delayed Fireball               Conjuration/Fire             7
   e - Ring of Flames                 Charms/Fire                  7


   Skills:
 * Level 3.5 Fighting
 - Level 5.1 Short Blades
 * Level 1.2 Maces & Flails
 + Level 1.7 Armour
 - Level 5.3 Dodging
 - Level 4.3 Stealth
 - Level 2.0 Spellcasting
 - Level 3.6 Poison Magic


You had 4 spell levels left.
You knew the following spells:

 Your Spells              Type           Power        Failure   Level  Hunger
a - Sting                 Conj/Pois      ##..         14%         1    None
b - Cure Poison           Pois           ###.......   12%         2    ##.....
c - Mephitic Cloud        Conj/Pois/Air  #.......     54%         3    ###....


Dungeon Overview and Level Annotations

Branches:
Dungeon (5/15)
 Temple: D:4-7

Altars:
Cheibriados
Dithmenos

Annotations:
D:4 imoen's ghost, amateur HOMo
D:5 Edmund


Innate Abilities, Weirdness & Mutations

Your natural rate of healing is unusually fast.
You have razor-sharp teeth.
You have supernaturally acute eyesight.
You can survive without breathing.
You have sharp toenails.
You are somewhat resistant to further mutation.
Your movements are slightly less encumbered by armour (ER -2).


Message History

New annotation for D:5 (include '!' for warning):
Okay, then.
You fail to use your ability.
Edmund hits you with a flail of protection.
* * * LOW HITPOINT WARNING * * *
Unknown command.
Unknown command.
You completely miss Edmund. You claw Edmund, but do no damage.
Edmund is severely wounded.
Edmund hits you but does no damage.
You hit Edmund but do no damage. You claw Edmund, but do no damage.
Edmund is severely wounded.
Edmund hits you with a flail of protection.
* * * LOW HITPOINT WARNING * * *
Edmund hits you with a flail of protection!
* * * LOW HITPOINT WARNING * * *
You barely miss Edmund. You bite Edmund, but do no damage.
Edmund is severely wounded.
Edmund hits you with a flail of protection.
You die...

##.## ##.#.## ####
##.###.###...#
#############.##
##......#
.............##
##.#...##
#.#.###.......#
##........# ....#
#...####§###§##.#.##.#
#.#.###.#.# #§#§## .#
# ........#†# #@§# .#
........#.# ##@# .#
..#######.#######a# .#
..# #.......... .. ..#
########.### .. . ..
#. .. ..


You could see Edmund and a worker ant.

Vanquished Creatures
  A phantom (D:4)
  An ogre (D:4)
  2 giant frogs
  A crimson imp (D:5)
  4 worker ants
  8 orc wizards
  2 gnolls (D:3)
  4 adders
  A shadow imp (D:4)
  An ooze (D:2)
  2 worms
  3 dart slugs
  4 giant geckos
  14 orcs
  2 ball pythons (D:1)
  4 bats
  4 giant cockroaches
  12 goblins
  14 hobgoblins
  2 jackals (D:3)
  7 kobolds
  14 giant newts
  11 rats
118 creatures vanquished.

Notes
Turn   | Place    | Note
--------------------------------------------------------------
     0 | D:1      | inmateoo the Vampire Venom Mage began the quest for the Orb.
     0 | D:1      | Reached XP level 1. HP: 13/13 MP: 3/3
   465 | D:1      | Reached XP level 2. HP: 14/20 MP: 0/5
  1120 | D:1      | Reached skill level 1 in Fighting
  1249 | D:2      | Reached XP level 3. HP: 23/26 MP: 6/6
  1885 | D:2      | Found a snail-covered altar of Cheibriados.
  1898 | D:2      | Became a worshipper of Cheibriados the Contemplative
  2094 | D:2      | Reached XP level 4. HP: 26/32 MP: 7/7
  2202 | D:2      | Learned a level 2 spell: Cure Poison
  2370 | D:3      | Reached skill level 1 in Short Blades
  2468 | D:3      | Reached skill level 1 in Armour
  2513 | D:3      | Reached XP level 5. HP: 13/37 MP: 4/8
  2531 | D:3      | Reached * piety under Cheibriados
  2844 | D:3      | Found a shadowy altar of Dithmenos.
  3291 | D:4      | Noticed a phantom
  3323 | D:4      | Noticed Edmund
  3418 | D:4      | Reached ** piety under Cheibriados
  3453 | D:4      | Noticed imoen's ghost (amateur HOMo)
  3481 | D:4      | Reached XP level 6. HP: 43/43 MP: 9/9
  3911 | D:4      | Reached skill level 5 in Short Blades
  3911 | D:4      | Reached skill level 5 in Dodging
  3926 | D:3      | Reached XP level 7. HP: 13/48 MP: 10/10
  4334 | D:3      | Reached *** piety under Cheibriados
  4437 | D:5      | Entered Level 5 of the Dungeon
  4559 | D:5      | Reached skill level 1 in Maces & Flails
  4639 | D:5      | Learned a level 3 spell: Mephitic Cloud
  4679 | D:5      | Gained mutation: You have sharp toenails. [potion of mutation]
  4679 | D:5      | Gained mutation: Your movements are slightly less encumbered by armour (ER -2). [potion of mutation]
  4679 | D:5      | Gained mutation: You are somewhat resistant to further mutation. [potion of mutation]
  4690 | D:5      | HP: 2/52 [Edmund/flail of protection (7)]
  4691 | D:5      | Slain by Edmund

Skill      XL: |  1  2  3  4  5  6  7 |
---------------+----------------------+-----
Fighting       | 1 3 |  3.5
Stealth        | 4 |  4.3
Dodging        | 3 4 5 |  5.3
Short Blades   | 2 4 5 |  5.1
Armour         | 1 |  1.7
Maces & Flails | 1 |  1.2
Spellcasting   | |  2.0
Poison Magic   | |  3.6

Action                   |  1- 3 |  4- 6 |  7- 9 || total
-------------------------+-------+-------+-------++-------
Melee: Dagger            |   199 |   193 |       ||   392
       Unarmed           |     3 |       |       ||     3
       Bite              |    16 |    22 |    24 ||    62
       Flail             |       |    73 |    52 ||   125
       Morningstar       |       |       |   103 ||   103
       Kick              |       |       |     3 ||     3
 Cast: Sting             |    26 |    40 |     5 ||    71
       Cure Poison       |       |     1 |       ||     1
  Use: Scroll            |     4 |    12 |     2 ||    18
       Potion            |     1 |     3 |     2 ||     6
 Stab: Sleeping          |     5 |     9 |     2 ||    16
  Eat: Corpse            |    15 |    13 |     4 ||    32
Armor: Robe              |     3 |       |       ||     3
       Ring mail         |    50 |   115 |    15 ||   180
       Skin              |    16 |       |       ||    16
       Scale mail        |       |       |    35 ||    35
Dodge: Dodged            |   104 |   205 |   132 ||   441
